AoeStats
← malimonkey

Arena

510323726Analyzed
1v1 RM · 3d ago on Sep 30, 2026· 41m 27s· 2 players
Game mode
Random Map
Map size
Tiny (2 player)
Population
200
Speed
Normal
Resources
Standard
Victory
Conquest
Starting age
Dark Age
Ending age
Imperial Age
RankedLock teamsTeams togetherTeam positionsShared explorationLock speedFull tech treeHidden civsTurbo modeCheats
Victory
Defeat
🇮🇳 Khmer · India
835
+15
🇭🇷 Portuguese · Croatia
814
-39
malimonkey
10:00 Feudal Age
11:10 Double-Bit Axe
11:39 Loom
16:43 Horse Collar
20:22 Castle Age
18:45 Stone Mining
18:48 Gold Mining
18:52 Loom
23:10 Padded Archer Armor
23:06 Fletching
23:01 Crossbowman
26:28 Circumnavigation
28:16 Heavy Plow
28:30 Bow Saw
32:29 Imperial Age
33:14 Ballistics
34:19 Chemistry
33:33 Elite Organ Gun
35:15 Crop Rotation
35:36 Thumb Ring
35:04 Arbalester
37:27 Arquebus
38:10 Arquebus
sirf93anurag
9:11 Loom
11:28 Feudal Age
17:08 Castle Age
15:20 Horse Collar
16:19 Gold Mining
16:46 Double-Bit Axe
18:16 Wheelbarrow
20:43 Pikeman
22:50 Stone Mining
24:44 Light Cavalry
26:49 Forging
26:45 Scale Barding Armor
27:14 Bloodlines
28:11 Husbandry
32:14 Imperial Age
30:52 Bow Saw
30:44 Heavy Plow
31:21 Gold Shaft Mining
32:03 Iron Casting
31:47 Fletching
32:52 Masonry
32:41 Murder Holes
35:19 Conscription
35:22 Chain Barding Armor
36:04 Blast Furnace
34:29 Hussar
37:33 Plate Barding Armor
37:38 Heated Shot
37:59 Masonry
38:11 Ballistics
40:55 Bodkin Arrow
Connection lost

Rejoining the realm…

Still unreachable

The connection could not be restored.

Session expired

The server has moved on; the page needs a fresh start.